 Dungeon Crawl Stone Soup version 0.25.0-46-gbd7b0854d2 (webtiles) character file.

Game seed: 8213907062696346788

5569 ANON1729 the Cudgeler (level 10, -4/100 HPs)
             Began as a Troll Gladiator on July 13, 2020.
             Slain by a large slime creature (24 damage)
             ... on level 10 of the Dungeon.
             The game lasted 00:19:07 (10136 turns).

ANON1729 the Cudgeler (Troll Gladiator)            Turns: 10136, Time: 00:19:07

Health: -4/100     AC:  7    Str: 27    XL:     10   Next: 44%
Magic:  9/9        EV: 13    Int:  6    God:
Gold:   499        SH:  0    Dex: 11    Spells: 9/9 levels left

rFire    . . .     SeeInvis .   a - +0 flail
rCold    + . .     Gourm    +   (no shield)
rNeg     . . .     Faith    .   j - +1 robe {rC+}
rPois    +         Spirit   .   c - +0 hat
rElec    .         Reflect  .   (no cloak)
rCorr    .         Harm     .   (gloves unavailable)
MR       +....                  (boots unavailable)
Stlth    +++.......             F - amulet of the acrobat
HPRegen  0.66/turn              A - ring of Ziujor Vyapp {+Fly rPois MR+ Str-2 Stlth+}
MPRegen  0.11/turn              G - ring of Omece {Str+2 Int+2 Stlth+}

@: about to teleport
A: large, unfitting armour, claws 3, fast metabolism 3, gourmand, regeneration
1, shaggy fur 1, tough skin 3
a: Evoke Flight


You were on level 10 of the Dungeon.
You were very full.

You visited 2 branches of the dungeon, and saw 11 of its levels.

You collected 499 gold pieces.

Inventory:

Hand Weapons
 a - a +0 flail (weapon)
Missiles
 d - 3 throwing nets (quivered)
Armour
 b - a +0 robe
 c - a +0 hat (worn)
 j - a +1 robe of cold resistance (worn)
Jewellery
 A - the ring of Ziujor Vyapp (left claw) {+Fly rPois MR+ Str-2 Stlth+}
   (You took it off a vampire on level 7 of the Dungeon)

   [ring of protection from magic]

   It affects your strength (-2).
   It protects you from poison.
   It affects your resistance to hostile enchantments.
   It lets you fly.
   It makes you more stealthy.
 F - an amulet of the acrobat (around neck)
 G - the ring of Omece (right claw) {Str+2 Int+2 Stlth+}
   (You took it off a centaur on level 7 of the Dungeon)

   [ring of stealth]

   It affects your strength (+2).
   It affects your intelligence (+2).
   It makes you more stealthy.
 H - the amulet "Ujiqucux" {Inacc rF+ rC+}
   (You found it on level 7 of the Dungeon)

   [amulet of inaccuracy]

   It reduces the accuracy of all your attacks.
   It protects you from fire.
   It protects you from cold.
 I - the ring "Estroruru" {Dex+5 Stlth-}
   (You found it on level 7 of the Dungeon)

   [ring of attention]

   It affects your dexterity (+5).
   It makes you less stealthy.
 K - a +4 ring of evasion {unknown}
 L - a +6 ring of intelligence {unknown}
Wands
 C - a wand of acid (13)
 E - a wand of iceblast (3)
Scrolls
 g - 6 scrolls of identify
 h - 3 scrolls of enchant weapon {unknown}
 i - 4 scrolls of remove curse
 l - 3 scrolls of amnesia {unknown}
 n - a scroll of blinking {unknown}
 q - 2 scrolls of fog {unknown}
 t - 2 scrolls of enchant armour {unknown}
 x - 2 scrolls of teleportation
 y - a scroll of magic mapping {unknown}
 z - a scroll of immolation {unknown}
 B - 2 scrolls of fear {unknown}
Potions
 e - a potion of resistance
 k - 4 potions of haste
 m - a potion of might {unknown}
 o - 2 potions of curing
 p - 2 potions of flight {unknown}
 r - 2 potions of magic {unknown}
 s - a potion of mutation {unknown}
 u - 2 potions of cancellation {unknown}
 v - a potion of stabbing {unknown}
 w - a potion of ambrosia {unknown}
 D - a potion of invisibility {unknown}
 M - 2 potions of heal wounds
Comestibles
 f - 29 rations


   Skills:
 * Level 6.8 Fighting
 * Level 7.8 Maces & Flails
 + Level 7.3 Throwing
 + Level 1.1 Armour
 + Level 6.9 Dodging


You had 9 spell levels left.
You didn't know any spells.
Your spell library contained the following spells:

 Spells                   Type           Power        Failure   Level  Hunger
 Animate Skeleton         Necr           N/A          45%         1    ##.....
 Apportation              Tloc           #.....       45%         1    ##.....
 Corona                   Hex            #......      45%         1    ##.....
 Magic Dart               Conj           #...         45%         1    ##.....
 Summon Small Mammal      Summ           #...         45%         1    ##.....
 Blink                    Tloc           N/A          58%         2    ###....
 Call Imp                 Summ           #.......     58%         2    ###....
 Slow                     Hex            #.......     58%         2    ###....
 Conjure Flame            Conj/Fire      #.......     83%         3    ####...
 Mephitic Cloud           Conj/Pois/Air  #.......     83%         3    ####...
 Cause Fear               Hex            #.........   99%         4    #####..
 Silence                  Hex/Air        #.........   100%        5    ######.
 Yara's Violent Unravell  Hex/Tmut       #.........   100%        5    ######.
 Discord                  Hex            #.........   100%        8    #######


Dungeon Overview and Level Annotations

Branches:
Dungeon (10/15)            Temple (1/1) D:7
   Lair: D:8-11         Orc: D:9-12

Altars:
Ashenzari
Cheibriados
Dithmenos
Elyvilon
Fedhas
Gozag
Hepliaklqana
Kikubaaqudgha
Makhleb
Nemelex Xobeh
Okawaru
Qazlal
Ru
Sif Muna
Trog
Uskayaw
Vehumet
Wu Jian
Xom
Yredelemnul
Zin
The Shining One


Innate Abilities, Weirdness & Mutations

You are too large for most types of armour.
You have claws for hands.
Your metabolism is lightning-fast.
You like to eat raw meat.
Your natural rate of healing is unusually fast.
You are covered in fur. (AC +1)
You have extremely tough skin. (AC +3)


Message History

Something hits you.
* * * LOW HITPOINT WARNING * * *
The orc hits you with a +0 whip.
* * * LOW HITPOINT WARNING * * *
The orc closely misses you.
A very large slime creature splits.
Things that are here:
a +0 short sword; a +0 leather armour
As you read the scroll labeled VYUTZU JIATO, it crumbles to dust.
You feel blessed for a moment.
It was a scroll of remove curse.
The orc closely misses you.
The large slime creature barely misses you.
The slime creature hits you.
* * * LOW HITPOINT WARNING * * *
Unknown command.
As you read the scroll labeled KABRIS KULAM, it crumbles to dust.
You feel strangely unstable.
It was a scroll of teleportation.
The orc closely misses you. The orc barely misses you.
The large slime creature hits you!!
You die...

##############
#.....)......#
#.##########.#
#.# #.#
#.##########J#
#....<##...J@#
########...oo#
#....o#
#.....#
#.....#
#.....#
#.....#
#.....#
.......


You could see a large slime creature, a slime creature and 3 orcs.

Vanquished Creatures
  Pikel (D:4)
  A kobold demonologist (D:7)
  A gargoyle (D:10)
  A hornet (D:9)
  2 yaks
  A vampire (D:7)
  3 hogs (D:7)
  A sky beast (D:7)
  An ice beast (D:6)
  2 black bears
  An orc warrior (D:9)
  2 necrophages
  3 ogres
  A phantom (D:6)
  7 centaurs
  5 bullfrogs
  A gnoll sergeant (Temple)
  A water moccasin zombie (D:7)
  A wyvern skeleton (D:7)
  A scorpion (D:7)
  A water moccasin skeleton (D:10)
  2 howler monkeys
  2 crimson imps
  A bullfrog zombie (D:7)
  2 hounds
  A jelly (D:7)
  7 orc wizards
  4 orc priests
  Jessica (D:2)
  2 bullfrog skeletons (D:7)
  10 worker ants
  A hound skeleton (D:4)
  A howler monkey zombie (D:9)
  A worker ant zombie (D:5)
  7 gnolls
  12 adders
  An ooze (D:3)
  3 adder skeletons
  5 worms
  5 dart slugs
  3 leopard geckos
  28 orcs
  12 bats
  6 giant cockroaches
  6 goblins (D:1)
  7 hobgoblins
  9 jackals
  6 kobolds
  3 quokkas
  A ball python (D:1)
  A frilled lizard (D:5)
  A jackal skeleton (D:7)
  A quokka skeleton (D:6)
  A quokka zombie (D:6)
  13 rats
204 creatures vanquished.

Vanquished Creatures (collateral kills)
  A human (D:7)
  A phantom (D:7)
  An orc priest (D:7)
  An iguana (D:8)
  3 orcs (D:7)
7 creatures vanquished.

Vanquished Creatures (others)
  A hornet (D:7)
  2 slaves (D:5)
  2 orc wizards
  A worker ant zombie (D:5)
  An orc (D:5)
  A giant cockroach (D:5)
8 creatures vanquished.

Grand Total: 219 creatures vanquished

Notes
Turn   | Place    | Note
-------+----------+-------------------------------------------
     0 | D:1      | ANON1729 the Troll Gladiator began the quest for the Orb.
     0 | D:1      | Reached XP level 1. HP: 19/19 MP: 0/0
    77 | D:1      | Reached XP level 2. HP: 14/28 MP: 1/1
   300 | D:1      | Reached XP level 3. HP: 35/35 MP: 2/2
   699 | D:2      | Found a shadowy altar of Dithmenos.
   699 | D:2      | Found a sacrificial altar of Ru.
   944 | D:2      | Reached XP level 4. HP: 41/42 MP: 3/3
  1141 | D:2      | Noticed Jessica
  1150 | D:2      | Killed Jessica
  1276 | D:2      | Found a burning altar of Makhleb.
  1807 | D:3      | Found an iron altar of Okawaru.
  1818 | D:3      | Reached XP level 5. HP: 44/50 MP: 4/4
  1996 | D:3      | Noticed a moth of wrath
  2000 | D:3      | Found a bloodstained altar of Trog.
  2618 | D:4      | Reached XP level 6. HP: 41/59 MP: 5/5
  3031 | D:4      | Reached XP level 7. HP: 67/67 MP: 6/6
  3362 | D:5      | Entered Level 5 of the Dungeon
  3376 | D:5      | Noticed Pikel
  3447 | D:4      | Killed Pikel
  3447 | D:4      | Reached skill level 5 in Maces & Flails
  3447 | D:4      | Reached XP level 8. HP: 53/78 MP: 7/7
  4065 | D:5      | Reached skill level 5 in Throwing
  4134 | D:5      | Reached skill level 5 in Dodging
  4748 | D:6      | Found a white marble altar of Elyvilon.
  5083 | D:6      | Reached skill level 5 in Fighting
  5333 | D:7      | Reached XP level 9. HP: 76/88 MP: 8/8
  5499 | D:7      | Found a staircase to the Ecumenical Temple.
  5534 | Temple   | Entered the Ecumenical Temple
  6112 | D:7      | Found a basalt altar of Yredelemnul.
  7587 | D:7      | Identified the ring of Ziujor Vyapp {+Fly rPois MR+ Str-2
                  | Stlth+}
  7939 | D:7      | Reached XP level 10. HP: 88/98 MP: 9/9
  7940 | D:7      | Identified the ring of Omece {Str+2 Int+2 Stlth+}
  8186 | D:7      | Got a twitching ruby amulet
  8187 | D:7      | Identified the amulet "Ujiqucux" {Inacc rF+ rC+} (You found
                  | it on level 7 of the Dungeon)
  8198 | D:7      | Got a scintillating jade ring
  8199 | D:7      | Identified the ring "Estroruru" {Dex+5 Stlth-} (You found
                  | it on level 7 of the Dungeon)
  9376 | D:9      | Paralysed by a hornet for 2 turns
 10007 | D:10     | Entered Level 10 of the Dungeon
 10013 | D:10     | Noticed a gargoyle
 10034 | D:10     | Killed a gargoyle
 10034 | D:10     | Reached skill level 1 in Armour
 10136 | D:10     | Slain by a large slime creature

Illustrated notes

Levels and vault maps discovered:
D:1:      beargit_arrival_greenhouse, layout_loops_ring,
          chequers_serial_rivers_micro_a, corexii_item_surrounded_by_moat,
          minivault_26
D:2:      layout_loops_ring, lightli_temple_of_fire, grunt_temple_overflow_open,
          first_ration, uniq_jessica
D:3:      layout_loops_ring, okawaru_gym_becter, tgw_trog
D:4:      layout_basic
D:5:      layout_cave_pods, kennysheep_generic_room_11, uniq_pikel
D:6:      layout_loops_ring, lemuel_round_altar
D:7:      minmay_the_grid_triangle_9x9_rhombus_full
          [minmay_the_grid_triangle_9x9_empty,
          minmay_the_grid_triangle_9x9_stretched_checkered,
          minmay_the_grid_triangle_9x9_skeleton,
          minmay_the_grid_triangle_9x9_steps,
          minmay_the_grid_triangle_9x9_intruding_spiral,
          minmay_the_grid_triangle_9x9_thin_v,
          minmay_the_grid_triangle_9x9_sprig,
          minmay_the_grid_triangle_9x9_prize_special], layout_basic,
          basic_altar, grunt_livestock, hangedman_abyss_or_decor_slice,
          kennysheep_generic_room_6
D:8:      layout_loops_cross
D:9:      layout_grid_maze
D:10:     layout_basic, enter_trove_0
Temple:   minmay_crystal_spiral_temple

Skill      XL: |  1  2  3  4  5  6  7  8  9 10 |
---------------+-------------------------------+-----
Throwing       | 2 3 4 5 6 7 |  7.3
Fighting       | 2 3 4 5 6 |  6.8
Maces & Flails | 3 4 5 6 7 |  7.8
Dodging        | 3 4 5 6 |  6.9
Armour         | 1 |  1.1

Action                   |  1- 3 |  4- 6 |  7- 9 | 10-12 || total
-------------------------+-------+-------+-------+-------++-------
Melee: Flail             |   120 |   249 |   484 |   151 ||  1004
Evoke: Wand              |       |       |    10 |     6 ||    16
  Use: Potion            |       |     3 |     5 |       ||     8
       Scroll            |       |       |     1 |     3 ||     4
 Stab: Sleeping          |     2 |       |       |     3 ||     5
  Eat: Chunk             |    10 |    25 |    39 |    25 ||    99
Armor: Robe              |    74 |   107 |   161 |    60 ||   402
Dodge: Dodged            |    72 |   171 |   331 |   121 ||   695
